 Dungeon Crawl Stone Soup version 0.30-a0-778-g2ef04afb54 (webtiles) character file.

Game seed: 7464270262958912395

25 DEFE the Sneak (level 2, -1/33 HPs)
             Began as a Demonspawn Wanderer on Feb 16, 2023.
             Slain by a goblin
             ... wielding a +0 dagger
             ... led by Robin
              (3 damage)
             ... on level 1 of the Dungeon.
             The game lasted 00:00:53 (1006 turns).

DEFE the Sneak (Demonspawn Wanderer)                Turns: 1006, Time: 00:00:53

Health: -1/33      AC: 21    Str: 11    XL:     2   Next: 86%
Magic:  5/5        EV:  2    Int: 14    God:
Gold:   26         SH:  0    Dex: 12    Spells: 4/5 levels left

rFire   . . .      SeeInvis .    a - +0 dagger
rCold   . . .      Faith    .    (no shield)
rNeg    . . .      Spirit   .    (body armour currently unavailable)
rPois   +          Reflect  .    (helmet currently unavailable)
rElec   .          Harm     .    (cloak currently unavailable)
rCorr   .          Rampage  .    (gloves currently unavailable)
Will    .....      NoTele   +    (boots currently unavailable)
Stlth   ++                       (no amulet)
HPRegen 0.25/turn                (no ring)
MPRegen 0.09/turn                (no ring)

@: tree-form
A: stationary, stasis, torment immunity, boosted hp, (horns 1)
a: no special abilities


You were on level 1 of the Dungeon.
You were a tree.
You visited 1 branch of the dungeon, and saw 2 of its levels.

You collected 26 gold pieces.

Inventory:

Hand Weapons
 a - a +0 dagger (weapon)
 h - a +0 mace
Missiles
 j - 4 poisoned darts
Armour
 b - a +0 cloak (melded)
 d - a +0 robe (melded)
Scrolls
 c - a scroll of blinking
 g - a scroll of fear {unknown}
 i - 3 scrolls of identify {unknown}
 m - a scroll of enchant armour {unknown}
Potions
 f - a potion of attraction {unknown}
 k - a potion of degeneration {unknown}
 l - a potion of mutation {unknown}


   Skills:
 - Level 2.2 Fighting
 + Level 2.1 Maces & Flails
 - Level 2.6 Stealth
 - Level 2.0 Spellcasting
 - Level 1.7 Transmutations
 - Level 1.0 Evocations


You had 4 spell levels left.
You knew the following spells:

 Your Spells              Type           Power      Damage    Failure   Level
a - Sting                 Tmut/Pois      12%        1d3       17%         1

Your spell library contained the following spells:

 Spells                   Type           Power      Damage    Failure   Level
 Passwall                 Tmut/Erth      2%         N/A       26%         2
 Spider Form              Tmut/Pois      3%         N/A       45%         3


Dungeon Overview and Level Annotations

Branches:
Dungeon (2/15)

Altars:

Annotations:
D:2 Robin


Innate Abilities, Weirdness & Mutations

You are a tree.
Your roots penetrate the ground, keeping you stationary.
You cannot be teleported.
You are immune to unholy pain and torment.
Your maximum health is greatly increased.
Your equipment is partially melded.
((You have a pair of small horns on your head.))


Message History

You are too injured to fight recklessly!
You are too injured to fight recklessly!
You are too injured to fight recklessly!
You are too injured to fight recklessly!
You are too injured to fight recklessly!
You are too injured to fight recklessly!
You are too injured to fight recklessly!
Unknown command.
You barely miss the goblin. The goblin hits you with a +0 dagger.
The hobgoblin closely misses you. The goblin hits you with a +0 club.
* * * LOW HITPOINT WARNING * * *
You take 4 damage, and have 6/22 hp.
You barely miss the goblin. The goblin hits you but does no damage.
The hobgoblin closely misses you. The goblin hits you with a +0 club.
* * * LOW HITPOINT WARNING * * *
You take 2 damage, and have 4/22 hp.
Unknown command.
Unknown command.
Okay, then.
Really quaff the potion of lignification?
You turn into a tree.
Your +0 cloak melds into your body.
Your +0 robe melds into your body.
Your roots penetrate the ground.
The goblin hits you but does no damage.
The hobgoblin hits you but does no damage.
The goblin hits you but does no damage.
You now have 6/33 hp.
Unknown command.
a - a +0 dagger (weapon)
The goblin hits you with a +0 dagger.
* * * LOW HITPOINT WARNING * * *
The hobgoblin barely misses you. The goblin hits you but does no damage.
You take 5 damage, and have 1/33 hp.
Unknown command.
You hit the goblin.
You kill the goblin!
The goblin barely misses you.
The hobgoblin hits you but does no damage.
Unknown command.
You closely miss the goblin. The goblin hits you with a +0 dagger.
You die...

#.##.########.# #.##.# #.#
#.##.# #.########
#.##.########.##.....#
#.##..........##.###'#
#.##..##.........###.#
#.##..##.######..##8.8
######.##).##[##....#.###.#
#.........♣...##.#.###.##.#
#..>.....g.g......## ###8.8
#.####.##..#####.#.###.##.#
#.####.##..# ##.#...#.###.#
#....#.##..###.###.#..##8.8
#.##.#........###########.#
#.##.##...##.###8##8##8##.#
#.##.##.####..'............
#.##.##.# #####8##8##8##.#


You could see a hobgoblin (strong) and a goblin (strong).

Vanquished Creatures
  A dart slug (D:1)
  An endoplasm (D:1)
  3 giant cockroaches (D:1)
  3 goblins
  2 hobgoblins (D:1)
  4 jackals (D:1)
  A kobold (D:1)
  A ball python (D:1)
  A bat (D:1)
  A frilled lizard (D:1)
  2 rats (D:2)
20 creatures vanquished.

Notes
Turn   | Place    | Note
-------+----------+-------------------------------------------
     0 | D:1      | DEFE the Demonspawn Wanderer began the quest for the Orb.
     0 | D:1      | DEFE set off with the following items: a +0 dagger, a +0
                  | cloak, a scroll of blinking, a +0 robe, a potion of
                  | lignification; and the following spell memorised: Sting;
                  | and the following spells available to memorise: Passwall,
                  | Spider Form.
     0 | D:1      | Reached XP level 1. HP: 16/16 MP: 3/3
   283 | D:1      | Reached skill level 1 in Maces & Flails
   386 | D:1      | Gained mutation: You have a pair of small horns on your
                  | head. [demonic ancestry]
   386 | D:1      | Reached XP level 2. HP: 19/22 MP: 5/5
   979 | D:2      | Noticed Robin
  1004 | D:1      | HP: 1/33 [goblin/+0 dagger[Robin] (5)]
  1006 | D:1      | Slain by a goblin

Illustrated notes

Levels and vault maps discovered:
D:1:      wheals_arrival_shading, layout_loops_ring, hangedman_decor_points,
          dk_noncrumbling_2, minmay_pentomino_x2
D:2:      layout_rooms, basic_altar, dreamdust_ecumenical_altar_grove,
          serial_aquarium, aquarium_bridge_square [aquarium_subvault_bridge,
          aquarium_subvault_wall, aquarium_subvault_wall,
          aquarium_subvault_window], aquarium_bridge_square
          [aquarium_subvault_wall, aquarium_subvault_balcony,
          aquarium_subvault_balcony, aquarium_subvault_bridge],
          aquarium_window_fake, aquarium_window_corner, aquarium_view_2f,
          aquarium_pool_1, uniq_robin, uniq_sigmund

Skill      XL: |  1  2 |
---------------+-------+-----
Maces & Flails | 1 2 |  2.1
Fighting       | |  2.2
Stealth        | |  2.6
Spellcasting   | |  2.0
Transmutations | |  1.7
Evocations     | |  1.0

Action                     || total
---------------------------++-------
  Melee: Mace              ||    56
         Dagger            ||     7
         Punch             ||     2
         Headbutt          ||     4
    Use: Potion            ||     1
   Stab: Sleeping          ||     2
 Armour: Robe              ||    20
         Skin              ||     5
  Dodge: Dodged            ||    65

Table legend: (Time is in decaauts)
 A = Elapsed time spent in this place.
 B = Non-inter-level travel time spent in this place.
 C = Inter-level travel time spent in this place.
 D = Time resting spent in this place.
 E = Time spent auto-exploring this place.
 F = Levels seen in this place.
 G = Mean time per level.
                   A        B        C        D        E       F      G
               +--------+--------+--------+--------+--------+-----+--------+
         Total |   1023 |    987 |     36 |      0 |    811 |   2 |  511.5 |
       Dungeon |   1023 |    987 |     36 |      0 |    811 |   2 |  511.5 |
               +--------+--------+--------+--------+--------+-----+--------+

Top non-repeatable levels by time:
     D:1: 918 daAuts
     D:2: 105 daAuts
